 Dungeon Crawl Stone Soup version 0.29.1 (webtiles) character file.

Game seed: 5731300942325917577

105 Iusername the Digger (level 4, -27/27 HPs)
             Began as an Octopode Earth Elementalist on Sept 13, 2022.
             Annihilated by an ogre
             ... wielding a +0 giant spiked club
              (32 damage)
             ... on level 4 of the Dungeon.
             The game lasted 00:10:24 (3647 turns).

Iusername the Digger (Octopode Earth Elementalist)  Turns: 3647, Time: 00:10:24

Health: -27/27     AC:  1    Str:  7    XL:     4   Next: 81%
Magic:  8/8        EV: 13    Int: 19    God:
Gold:   112        SH:  0    Dex: 12    Spells: 6/9 levels left

rFire   . . .      SeeInvis .   o - +2 dagger (venom)
rCold   . . .      Faith    .   (no shield)
rNeg    . . .      Spirit   .   (helmet restricted)
rPois   +          Reflect  .   c - amulet of magic regeneration
rElec   .          Harm     .   h - ring of poison resistance
rCorr   .          Rampage  .   (no ring)
Will    .....                   (no ring)
Stlth   +++.......              (no ring)
HPRegen 0.09/turn               (no ring)
MPRegen 0.51/turn               (no ring)
                                (no ring)
                                (no ring)

@: no status effects
A: almost no armour, amphibious, 8 rings, camouflage 1, gelatinous body 1,
(nimble swimmer 1), tentacles
a: no special abilities


You were on level 4 of the Dungeon.
You visited 1 branch of the dungeon, and saw 4 of its levels.

You collected 112 gold pieces.

Inventory:

Hand Weapons
 o - a +2 dagger of venom (weapon)
Jewellery
 c - an amulet of magic regeneration (around mantle)
 h - a ring of poison resistance (left tentacle)
Wands
 q - a wand of flame (22)
 r - a wand of mindburst (8)
Scrolls
 f - 2 scrolls of amnesia {unknown}
 k - 2 scrolls of fear
 n - a scroll of brand weapon
Potions
 a - a potion of magic
 b - a potion of ambrosia {unknown}
 e - a potion of curing {unknown}
 g - 3 potions of mutation {unknown}
 i - a potion of berserk rage {unknown}
 j - a potion of attraction {unknown}
 l - 2 potions of heal wounds {unknown}
 p - a potion of haste {unknown}


   Skills:
 + Level 0.2 Fighting
 + Level 1.2 Throwing
 + Level 2.1 Dodging
 + Level 3.1 Stealth
 + Level 3.3 Spellcasting
 + Level 1.0 Transmutations
 + Level 3.8 Earth Magic


You had 6 spell levels left.
You knew the following spells:

 Your Spells              Type           Power      Damage    Failure   Level
a - Sandblast             Erth           34%        2d9       3%          1
b - Passwall              Tmut/Erth      10%        N/A       9%          2

Your spell library contained the following spells:

 Spells                   Type           Power      Damage    Failure   Level
 Stone Arrow              Conj/Erth      20%        3d8       21%         3
 Call Canine Familiar     Summ           3%         N/A       41%         3
 Petrify                  Tmut/Erth      12%        N/A       47%         4
 Cause Fear               Hex            1%         N/A       83%         4
 Sticky Flame             Conj/Fire      3%         2d3       83%         4
 Dragon Form              Tmut           3%         N/A       100%        7
 Dragon's Call            Summ           1%         N/A       100%        9


Dungeon Overview and Level Annotations

Branches:
Dungeon (4/15)
 Temple: D:4-7

Altars:

Shops:
D:1 *(??


Innate Abilities, Weirdness & Mutations

You cannot wear most types of armour.
You are amphibious.
You can wear up to eight rings at the same time.
Your skin changes colour to match your surroundings (Stealth+).
Your rubbery body absorbs attacks. (AC +1, EV +1)
((You are camouflaged when in or above water. (Stealth+)))
You have tentacles for arms and can constrict up to eight enemies at once.


Message History

l - 2 pink potions (gained 1)
You see here 3 stones.
Your line of fire to the ogre is blocked by a plant.
No reachable target in view!
The ogre shouts!
Cast which spell? (? or * to list)
You don't know that spell.
Cast which spell? (? or * to list)
You don't know that spell.
You throw a poisoned dart. The poisoned dart hits the ogre.
An adder comes into view.
You throw a poisoned dart. The poisoned dart hits the ogre.
The adder hisses angrily.
You throw a poisoned dart. The poisoned dart hits the ogre.
The ogre is poisoned.
Cast which spell? (? or * to list)
Okay, then.
Sorry, you're not good enough to have a special ability.
Sorry, you're not good enough to have a special ability.
Unknown command.
Sorry, you're not good enough to have a special ability.
You hit the ogre.
The ogre looks even sicker.
The ogre is lightly wounded.
The ogre barely misses you.
You hit the ogre.
The ogre looks as sick as possible!
The ogre is moderately wounded.
The ogre hits you with a +0 giant spiked club!!
Ouch! That really hurt!
* * * LOW HITPOINT WARNING * * *
You hit the ogre.
The ogre looks as sick as possible!
You squeeze the ogre.
The ogre is severely wounded.
You hit the ogre but do no damage.
The ogre looks as sick as possible!
The ogre is severely wounded.
The ogre closely misses you.
You barely miss the ogre. Your squeeze misses the ogre.
The ogre is severely wounded.
The adder closely misses you.
The ogre hits you with a +0 giant spiked club!!
Ouch! That really hurt!
You die...

#### ... ###..## ..
#.....# # .. #....# .#.
#. ##...## ....#.# ###
#....#
......##.###....###
#..S..##....<..##
##.O@...............
....((.P................
.......♣P...#...........
.....PP.....#...........
......♣♣♣P.......##.##..
.....♣P♣♣.#..##.## .. ..
....♣ ♣.P...!.#.###...
P.♣♣♣♣♣P............
P♣P...P...#.......


You could see an ogre (extremely poisoned) and an adder.

Vanquished Creatures
  An iguana (D:4)
  3 adders
  3 dart slugs
  7 endoplasms
  A giant cockroach (D:4)
  7 hobgoblins
  A jackal (D:3)
  A quokka (D:3)
  3 ball pythons
  2 bats
  5 frilled lizards
  3 goblins
  2 kobolds
  5 rats
44 creatures vanquished.

Notes
Turn   | Place    | Note
-------+----------+-------------------------------------------
     0 | D:1      | Iusername the Octopode Earth Elementalist began the quest
                  | for the Orb.
     0 | D:1      | Reached XP level 1. HP: 11/11 MP: 3/3
    71 | D:1      | Found Vemiung's Antique Weapon Boutique.
    76 | D:1      | Found Xiaskan's Magic Scroll Boutique.
   340 | D:1      | Reached XP level 2. HP: 17/17 MP: 3/5
   713 | D:1      | Found Giqoi's Magic Scroll Shoppe.
   925 | D:1      | Found Iqofaur's Assorted Antiques.
   983 | D:2      | Got the Writings on Unified Striking
   987 | D:2      | Learned a level 2 spell: Passwall
  1322 | D:2      | Reached XP level 3. HP: 21/21 MP: 5/7
  3242 | D:3      | Reached XP level 4. HP: 27/27 MP: 6/8
  3574 | D:4      | Noticed an ogre
  3590 | D:4      | Reached skill level 1 in Throwing
  3647 | D:4      | Annihilated by an ogre

Illustrated notes

Levels and vault maps discovered:
D:1:      nagdon_arrival_double_spiral, layout_basic, serial_shops, shop, shop,
          nicolae_shop_waterfront, shop, serial_corexii_hall,
          chequers_hall_statues_wall_a, corexii_hall_statues_t,
          hangedman_glass_teeth
D:2:      layout_loops_corners
D:3:      layout_basic, st_stairs_7
D:4:      layout_cave_pools, gammafunk_ghost_split, serial_forest,
          infiniplex_forest_clump_diagonal, infiniplex_forest_straight_2,
          infiniplex_forest_clump_small, infiniplex_forest_clump_diagonal,
          infiniplex_forest_lined_1, infiniplex_forest_clump_curved,
          infiniplex_forest_clump_small, infiniplex_forest_clump_cross

Skill      XL: |  1  2  3  4 |
---------------+-------------+-----
Stealth        | 3 |  3.1
Spellcasting   | 3 |  3.3
Throwing       | 1 |  1.2
Fighting       | |  0.2
Dodging        | |  2.1
Transmutations | |  1.0
Earth Magic    | |  3.8

Action                   |  1- 3 |  4- 6 || total
-------------------------+-------+-------++-------
Melee: Unarmed           |     3 |       ||     3
       Constrict         |     2 |     2 ||     4
       Short sword       |     3 |       ||     3
       Dagger            |     1 |    14 ||    15
       Tentacles         |     1 |     4 ||     5
Throw: Dart              |    25 |    14 ||    39
 Cast: Sandblast         |    44 |     5 ||    49
  Use: Scroll            |       |     2 ||     2
 Stab: Sleeping          |       |     2 ||     2
Dodge: Dodged            |    25 |    11 ||    36
